 Dungeon Crawl Stone Soup version 0.30-a0-347-gf58ed5266c (webtiles) character file.

Game seed: 7786002270731258114

577007 MrRokkomies the Devastator (level 26, -13/201 HPs)
             Began as an Armataur Gladiator on Nov 4, 2022.
             Was an Elder of Cheibriados.
             Splashed with acid (30 damage)
             ... on level 5 of the Pits of Slime on Nov 6, 2022.
             The game lasted 04:41:38 (65303 turns).

MrRokkomies the Devastator (Armataur Gladiator)    Turns: 65303, Time: 04:41:39

Health: -13/201    AC: 36    Str: 41    XL:     26   Next: 29%
Magic:  21/34      EV: 30    Int: 27    God:    Cheibriados [****..]
Gold:   4630       SH: 13    Dex: 23    Spells: 18/47 levels left

rFire   + . .      SeeInvis +    a - +5 demon whip (flame)
rCold   + . .      Faith    .    C - +0 kite shield
rNeg    + . .      Spirit   .    B - +8 orange crystal plate armour {Archmagi, Int+3 Clar}
rPois   +          Reflect  .    c - +1 helmet
rElec   .          Harm     .    W - scarf {rC+ rF+}
rCorr   +          Roll     +    M - +2 pair of gloves
Will    +++..      Archmagi +    s - +4 barding
Stlth   .......... Clarity  +    V - amulet "Ygeom" {Acrobat Will+ SInv}
HPRegen 0.53/turn                D - ring "Vidur" {rPois rN+ Str+3}
MPRegen 0.24/turn                I - ring of the Queen {Will+ rCorr EV+4 Str+3}

@: about to teleport, corroded, acrobatic, very slow
A: large, rugged brown scales 3, deformed body, armoured tail, roll, long
tongue, awkward tongue, frail 2, low MP 1, screaming 1
}: 2/15 runes: decaying, gossamer
a: Renounce Religion, Bend Time, Temporal Distortion, Slouch


You were on level 5 of the Pits of Slime.
You worshipped Cheibriados.
Cheibriados was greatly pleased with you.
You visited 11 branches of the dungeon, and saw 50 of its levels.
You also visited: Ice Cave, Wizlab and Desolation.

You collected 6124 gold pieces.
You spent 1494 gold pieces at shops.

Inventory:

Hand Weapons
 a - a +5 demon whip of flaming (weapon)
Missiles
 e - 14 javelins
 g - 6 silver boomerangs
 h - 6 poisoned darts (quivered)
 m - 8 throwing nets
 t - 15 curare-tipped darts
Armour
 c - a +1 helmet (worn)
 s - a +4 barding (worn)
 B - the +8 orange crystal plate armour (worn) {Archmagi, Int+3 Clar}
   (You acquired it on level 4 of the Lair of Beasts)

   Int:       It affects your intelligence (+3).
   Clar:      It protects you against confusion.
 C - a +0 kite shield (worn)
 M - a +2 pair of gloves (worn)
 W - a scarf of resistance (worn)
Magical Staves
 b - a staff of conjuration
Jewellery
 f - the ring of Cev Elynai {rF+ rN++ Str-5 Int+7}
   (You acquired it on level 12 of the Dungeon)

   [ring of protection from fire]

   Str:       It affects your strength (-5).
   Int:       It affects your intelligence (+7).
   rF:        It protects you from fire.
   rN:        It greatly protects you from negative energy.
 D - the ring "Vidur" (left hand) {rPois rN+ Str+3}
   (You found it on level 3 of the Crypt)

   [ring of positive energy]

   Str:       It affects your strength (+3).
   rPois:     It protects you from poison.
   rN:        It protects you from negative energy.
 I - the ring of the Queen (right hand) {Will+ rCorr EV+4 Str+3}
   (You found it in the Desolation of Salt)

   [ring of evasion]

   EV:        It affects your evasion (+4).
   Str:       It affects your strength (+3).
   rCorr:     It protects you from acid and corrosion.
   Will:      It increases your willpower.
 O - the ring "Obuoleaph" {Ice rPois}
   (You bought it in a shop on level 1 of the Vaults)

   [ring of ice]

   It enhances your ice magic.
   rF:        It makes you vulnerable to fire.
   rC:        It protects you from cold.
   rPois:     It protects you from poison.
 Q - the ring "Vuytaac" {Drain rN+ Will+ rCorr Int-4 Slay+3}
   (You found it on level 3 of the Crypt)

   [ring of positive energy]

   Int:       It affects your intelligence (-4).
   Slay:      It affects your accuracy & damage with ranged weapons and melee
   (+3).
   rN:        It protects you from negative energy.
   rCorr:     It protects you from acid and corrosion.
   Drain:     It drains your maximum health when unequipped.
   Will:      It increases your willpower.
 V - the amulet "Ygeom" (around neck) {Acrobat Will+ SInv}
   (You took it off a deep elf zephyrmancer on level 3 of the Elven Halls)

   [amulet of the acrobat]

   It increases your evasion while moving and waiting.
   SInv:      It lets you see invisible.
   Will:      It increases your willpower.
 X - the ring "Gach" {Fire rN++ Str-3 Dex+5}
   (You took it off a servant of whispers in the Desolation of Salt)

   [ring of fire]

   It enhances your fire magic.
   Str:       It affects your strength (-3).
   Dex:       It affects your dexterity (+5).
   rF:        It protects you from fire.
   rC:        It makes you vulnerable to cold.
   rN:        It greatly protects you from negative energy.
Wands
 u - a wand of digging (1)
 w - a wand of mindburst (36)
 x - a wand of paralysis (42)
 E - a wand of flame (59)
 T - a wand of iceblast (28)
 U - a wand of quicksilver (7)
Scrolls
 i - 6 scrolls of fog
 j - 3 scrolls of fear
 n - 16 scrolls of teleportation
 p - 5 scrolls of silence
 r - 3 scrolls of magic mapping
 z - a scroll of summoning
 L - 3 scrolls of immolation
 P - 5 scrolls of poison
 Y - 5 scrolls of enchant armour
Potions
 d - 2 potions of ambrosia
 k - 3 potions of brilliance
 l - a potion of might
 o - 9 potions of lignification
 F - 5 potions of magic
 G - 14 potions of curing
 H - 11 potions of mutation
 J - a potion of invisibility
 K - 5 potions of flight
 N - 8 potions of attraction
Miscellaneous
 q - a box of beasts
 v - a condenser vane
 y - a tin of tremorstones (2/2)
 R - a phantom mirror


   Skills:
 - Level 18.3 Fighting
 - Level 11.8(12.0) Maces & Flails
 - Level 2.6(8.0) Staves
 - Level 12.0 Throwing
 - Level 15.0 Armour
 - Level 14.0 Dodging
 - Level 10.6 Shields
 - Level 11.3 Spellcasting
 - Level 20.0 Conjurations
 * Level 12.1 Summonings
 - Level 5.0 Transmutations
 + Level 5.6 Earth Magic
 - Level 15.0 Invocations


You had 18 spell levels left.
You knew the following spells:

 Your Spells              Type           Power      Damage    Failure   Level
a - Freezing Cloud        Conj/Ice/Air   33%        6-21      67%         5
b - Orb of Destruction    Conj           55%        9d14      12%         7
c - Hailstorm             Conj/Ice       81%        3d16      2%          3
d - Apportation           Tloc           44%        N/A       47%         1
e - Animate Armour        Summ/Erth      100%       N/A       14%         4
f - Spellforged Servitor  Conj/Summ      50%        N/A       54%         7
g - Wereblood             Tmut           59%        N/A       11%         2

Your spell library contained the following spells:

 Spells                   Type           Power      Damage    Failure   Level
 Magic Dart               Conj           100%       1d8       0%          1
 Foxfire                  Conj/Fire      100%       2x1d9     1%          1
 Call Imp                 Summ           88%        N/A       1%          2
 Searing Ray              Conj           100%       2d8       1%          2
 Call Canine Familiar     Summ           88%        N/A       1%          3
 Iskenderun's Battlesphe  Conj           100%       2d15      1%          5
 Beastly Appendage        Tmut           100%       N/A       7%          1
 Flame Wave               Conj/Fire      81%        2d18      9%          4
 Sticky Flame             Conj/Fire      81%        2d9       9%          4
 Irradiate                Conj/Tmut      45%        3d26      9%          5
 Mephitic Cloud           Conj/Pois/Air  67%        N/A       11%         3
 Summon Guardian Golem    Hex/Summ       64%        N/A       14%         3
 Sting                    Tmut/Pois      100%       1d8       19%         1
 Arcjolt                  Conj/Air       40%        1d50      24%         5
 Fireball                 Conj/Fire      40%        3d16      24%         5
 Summon Ice Beast         Ice/Summ       64%        N/A       41%         4
 Spider Form              Tmut/Pois      43%        N/A       50%         3
 Petrify                  Tmut/Erth      60%        N/A       52%         4
 Cigotuvi's Dreadful Rot  Necr/Pois/Air  44%        N/A       63%         2
 Sublimation of Blood     Necr           22%        N/A       63%         2
 Ignite Poison            Fire/Tmut/Pois 36%        N/A       63%         3
 Starburst                Conj/Fire      40%        6d12      80%         6
 Lee's Rapid Deconstruct  Erth           31%        3d16*     83%         5
 Inner Flame              Hex/Fire       22%        N/A       85%         3
 Kindle Blastsparks       Fire/Tloc/Air  44%        2d13      85%         3
 Ozocubu's Armour         Ice            22%        N/A       85%         3
 Tukima's Dance           Hex            22%        N/A       85%         3
 Vhi's Electric Charge    Tloc/Air       44%        N/A       85%         3
 Leda's Liquefaction      Hex/Erth       22%        N/A       86%         4
 Ice Form                 Ice/Tmut       43%        N/A       88%         4
 Monstrous Menagerie      Summ           44%        N/A       97%         7
 Summon Hydra             Summ           44%        N/A       97%         7
 Animate Dead             Necr           22%        N/A       99%         4
 Dispel Undead            Necr           22%        3d12      99%         4
 Passage of Golubria      Tloc           22%        N/A       99%         4
 Alistair's Intoxication  Tmut/Pois      28%        N/A       99%         5
 Yara's Violent Unravell  Hex/Tmut       21%        3d10      99%         5
 Metabolic Englaciation   Hex/Ice        11%        N/A       100%        5
 Death Channel            Necr           11%        N/A       100%        6
 Simulacrum               Ice/Necr       11%        N/A       100%        6
 Statue Form              Tmut/Erth      40%        N/A       100%        6
 Haunt                    Necr/Summ      32%        N/A       100%        7
 Ozocubu's Refrigeration  Ice            11%        4d9       100%        7
 Storm Form               Tmut/Air       21%        N/A       100%        7
 Borgnjor's Revivificati  Necr           11%        N/A       100%        8
 Ignition                 Fire           11%        3d5       100%        8
 Infestation              Necr           11%        N/A       100%        8
 Lehudib's Crystal Spear  Conj/Erth      45%        10d11     100%        8
 Maxwell's Capacitive Co  Air            11%        ∞         100%        8
 Necromutation            Tmut/Necr      21%        N/A       100%        8
 Death's Door             Necr           11%        N/A       100%        9
 Polar Vortex             Ice            11%        N/A       100%        9


Dungeon Overview and Level Annotations

Branches:
Dungeon (15/15)            Temple (1/1) D:4            Lair (5/5) D:11
  Swamp (4/4) Lair:3       Spider (4/4) Lair:3        Slime (5/5) Lair:5
    Orc (2/2) D:9             Elf (3/3) Orc:2        Vaults (4/5) D:13
  Crypt (3/3) Vaults:2       Tomb (0/3) Crypt:3      Depths (4/4) D:15
    Zot (0/5) Depths:4      IceCv (visited)          WizLab (visited)
Desolation (visited)

Altars:
Ashenzari
Cheibriados
Dithmenos
Elyvilon
Fedhas
Gozag
Hepliaklqana
Kikubaaqudgha
Makhleb
Nemelex Xobeh
Okawaru
Qazlal
Ru
Sif Muna
Trog
Uskayaw
Vehumet
Wu Jian
Xom
Yredelemnul
Zin
The Shining One
Jiyva

Shops:
D:1 [   D:9 (   Orc:2 *=([   Elf:3 (   Vaults:1 ==(   Depths:3 (

Portals:
Hell: Depths:1 Depths:2 Depths:3 Depths:4
Abyss: Depths:3
Pandemonium: Depths:2 Depths:4
Ziggurat: Depths:3

Annotations:
D:10 3 runed translucent doors, rigrig's ghost, journeyman KoBe
D:13 3 runed translucent doors, Lowk's ghost, journeyman DjFE; Zeoj's ghost, novice FeDe
Swamp:4 exclusion: 2 oklob plants
Depths:1 1 runed translucent door, Muorisk's ghost, journeyman DsGl
Depths:2 1 runed translucent door, LetschGu's ghost, master SpHu


Innate Abilities, Weirdness & Mutations

You are completely covered in rugged brown scales. (AC +3, +7% HP)
Armour fits poorly on your strangely shaped body.
You have a long armoured tail.
You roll when moving toward enemies. (Rampage)
Your long tongue fully drains potion bottles. (2x potion effects)
Your tongue gives you trouble enunciating. (1.5x scroll delay)
You are very frail. (-20% HP)
Your magical capacity is low. (-10% MP)
You occasionally shout uncontrollably at your foes.


Message History

The acid blob spits acid at you. The splash of acid hits you! You resist.
* * * LOW HITPOINT WARNING * * *
The acid blob is engulfed in blazing flames. x2
The azure jelly is engulfed in blazing flames.
The rockslime is engulfed in blazing flames.
The rockslime hits you but does no damage.
Unknown command.
Unknown command.
Unknown command.
Unknown command.
As you slowly read the scroll of teleportation, it crumbles to dust.
You feel strangely unstable. The acid blob barely misses you.
The acid blob is engulfed in blazing flames. x2
The rockslime hits you but does no damage. x2
The azure jelly is engulfed in blazing flames.
The rockslime hits you but does no damage.
You block the rockslime's attack.
The acid blob hits you but does no damage.
The azure jelly is engulfed in blazing flames.
You block the rockslime's attack.
The rockslime is engulfed in blazing flames.
The rockslime hits you!
* * * LOW HITPOINT WARNING * * *
You hold your ground!
The acid blob attacks as you move away! The acid blob barely misses you.
The rockslime attacks as you move away!
The rockslime hits you but does no damage.
The rockslime attacks as you move away! The rockslime misses you.
The acid blob spits acid at you.
The splash of acid hits you but does no damage.
The acid corrodes you! You block the rockslime's attack. x2
The azure jelly is engulfed in blazing flames.
The acid blob is engulfed in blazing flames.
The rockslime closely misses you. You block the rockslime's attack.
Unknown command.
The rockslime attacks as you move away!
The rockslime hits you but does no damage.
You are splashed with acid!!
You die...

##..............
#...............
#..............
#..............
#..............
##.............
####............
###......^........ ###
#@.J..............
....#..J..............
.......JJJ§§...........
......JJJ○.°°..........
#......§.§.°☼.........#
.......§☼.☼.§§.......##
.......§§§...§......##
........§§☼..§.....##
............§.....##


You could see 3 acid blobs, an azure jelly and 4 rockslimes.

Vanquished Creatures
  the Royal Jelly (Slime:5)
  3 juggernauts
  Frederick (Vaults:4)
  Xtahua (Vaults:4)
  Margery (Depths:3)
  Saint Roka (Elf:2)
  3 golden dragons
  2 bone dragons
  A profane servitor (Crypt:3)
  3 hellephants (Depths:1)
  7 tentacled monstrosities
  Mlioglotl (Spider:4)
  Jorgrun (D:15)
  Zenata (Vaults:4)
  3 liches
  A titan (Depths:2)
  2 deep elf blademasters (Elf:3)
  2 deep elf master archers (Elf:3)
  Frances (D:12)
  4 sphinxes
  5 ancient champions
  8 acid blobs
  A thorn hunter (Swamp:4)
  3 revenants
  3 tengu reavers
  A shadow dragon (shapeshifter) (Depths:2)
  Roxanne (Spider:1)
  4 storm dragons
  5 azure jellies (Slime:5)
  A draconian monk (Depths:4)
  4 rockslimes
  5 deep elf sorcerers
  8 fire giants
  2 iron dragons
  5 vault wardens
  2 imperial myrmidons (Desolation)
  Aizul (Vaults:2)
  A daeva (Depths:3)
  5 ghost moths
  4 deep elf elementalists (Elf:3)
  10 frost giants
  A spectral caustic shrike (Crypt:3)
  3 curse skulls
  An emperor scorpion (Spider:4)
  7 ghouls
  An angel (Depths:3)
  2 orc warlords (Orc:1)
  A draconian stormcaller (Depths:4)
  2 broodmothers
  7 ironbound thunderhulks
  2 war gargoyles
  6 quicksilver oozes (Slime:5)
  13 stone giants
  3 spriggan defenders
  13 ironbound preservers
  4 eleionomae
  6 bunyips
  2 green draconians (Depths:4)
  18 very ugly things
  3 deep elf demonologists (Elf:3)
  9 spark wasps
  3 dire elephants
  8 vampire knights
  12 deep elf annihilators
  A black draconian (Depths:4)
  A white draconian (Depths:4)
  3 red draconians (Depths:4)
  A purple draconian (Depths:4)
  An orange crystal statue (WizLab)
  2 eidola (Crypt:1)
  A blizzard demon (Depths:4)
  3 crystal guardians
  7 ettins
  8 deep elf death magi
  Snorg (Lair:3)
  2 deep elf high priests (Elf:3)
  4 shambling mangroves (Swamp:4)
  21 jiangshi
  4 yaktaur captains
  8 great orbs of eyes
  6 entropy weavers
  A spriggan zombie (Crypt:2)
  9 servants of whispers (Desolation)
  10 fire dragons
  14 ragged hierophants (Desolation)
  Fannar (Lair:1)
  12 hydras
  7 ice dragons
  4 rakshasas
  5 vault guards
  A catoblepas (D:14)
  5 spriggan air magi
  12 peacekeepers
  7 death knights
  6 ironbound frosthearts
  An ogre mage (Orc:2)
  2 jorogumos
  14 centaur warriors
  A spriggan skeleton (Crypt:2)
  6 radroaches
  16 boulder beetles
  6 hell hogs (Depths:1)
  10 two-headed ogres
  10 alligators
  3 tengu warriors
  4 deep troll shamans
  10 death yaks
  9 deep troll earth magi
  20 dancing weapons
  61 slime creatures
  7 vampire magi
  2 orc high priests
  4 spriggan berserkers
  A quicksilver ooze zombie (Crypt:1)
  10 iron trolls
  2 sixfirhies
  41 hell knights
  34 skeletal warriors
  6 pharaoh ants
  Amaemon (Lair:2)
  4 shadow wraiths
  12 deep elf knights
  A bunyip zombie (Crypt:2)
  5 goliath frogs
  3 sun moths
  An anaconda zombie (Crypt:2)
  14 swamp dragons
  5 glowing orange brains
  13 flayed ghosts
  3 orb spiders (Spider:4)
  10 deep elf archers
  55 deep trolls
  6 steelbarb worms
  11 bog bodies
  12 ironbound convokers
  15 lindwurms
  7 spriggan druids
  A spectral hydra (Swamp:4)
  Pikel (D:5)
  23 necromancers
  5 wizards
  31 deep elf pyromancers
  22 deep elf zephyrmancers
  4 shining eyes
  An anaconda skeleton (Crypt:2)
  3 orc knights
  51 ugly things
  12 harpies
  8 phantasmal warriors
  A wolf spider zombie (Crypt:2)
  9 orc sorcerers
  A wolf spider (shapeshifter) (Depths:3)
  A salamander (D:15)
  A shining eye (shapeshifter) (Elf:3)
  13 wolf spiders
  3 will-o-the-wisps
  A moth of wrath (shapeshifter) (Vaults:3)
  7 cyclopes
  3 manticores
  4 black mambas
  28 elephants
  7 guardian serpents (Desolation)
  2 orange demons
  A black mamba (shapeshifter) (Elf:2)
  A guardian serpent (shapeshifter) (Elf:1)
  3 gargoyles
  Joseph (Lair:1)
  8 cane toads
  4 moths of wrath
  3 molten gargoyles (Desolation)
  5 torpor snails
  4 eyes of devastation
  8 vault sentinels
  A dire elephant skeleton (Crypt:1)
  A yaktaur zombie (Vaults:1)
  A rime drake (D:13)
  6 demonic crawlers
  A hellion (Depths:2)
  A centaur skeleton (Crypt:1)
  An unseen horror zombie (D:10)
  A rime drake (shapeshifter) (D:13)
  Psyche (D:11)
  A bunyip simulacrum (Crypt:3)
  An efreet (D:15)
  An orb spider zombie (Crypt:1)
  3 hydra zombies (Swamp:4)
  6 komodo dragons
  23 yaktaurs
  An ice devil (Depths:2)
  8 freezing wraiths
  3 tengu conjurers
  A red devil (Depths:4)
  14 polar bears
  A harpy zombie (Crypt:2)
  A hellwing (Depths:4)
  5 trolls
  A death drake zombie (Swamp:4)
  16 meliai (Spider:4)
  97 saltlings
  8 tarantellas
  5 tyrant leeches
  23 hornets
  A death drake skeleton (Swamp:4)
  2 harpy skeletons (Crypt:2)
  An ettin zombie (Crypt:2)
  10 blink frogs
  17 dream sheep
  4 raiju (Lair:5)
  3 hydra skeletons (Swamp:4)
  54 flying skulls
  13 culicivoras
  5 shadows
  2 air elementals
  14 jumping spiders
  Sigmund (D:2)
  5 wyverns
  2 water elementals (Elf:3)
  18 spriggans
  A dire elephant simulacrum (Crypt:2)
  A slime creature zombie (Crypt:1)
  A golden eye (shapeshifter) (Elf:2)
  9 wraiths
  A human simulacrum (Vaults:1)
  41 yaks
  3 fire elementals (Elf:3)
  6 basilisks
  A steam dragon (D:8)
  2 death yak simulacra (IceCv)
  A human (D:13)
  4 large abominations
  17 redbacks
  14 vampire mosquitoes
  2 chaos spawn (D:13)
  A neqoxec (Depths:2)
  18 swamp worms
  2 acid dragons
  A deep troll zombie (Crypt:1)
  10 wargs
  6 hydra simulacra
  A harpy simulacrum (Crypt:3)
  3 naga zombies
  13 hell hounds (Lair:5)
  A floating eye (Depths:3)
  Duvessa (D:7)
  An ogre zombie (Vaults:1)
  15 water moccasins
  A swamp dragon zombie (Swamp:4)
  7 swamp drakes
  15 black bears
  41 orc warriors
  3 ice beasts
  A hornet zombie (D:7)
  23 wolves
  11 ogres
  A swamp dragon skeleton (Swamp:4)
  A dream sheep skeleton (Crypt:2)
  A hog zombie (Crypt:1)
  13 centaurs
  A lemure (D:5)
  A lindwurm skeleton (Crypt:2)
  2 phantoms
  A hog skeleton (Crypt:2)
  6 bullfrogs
  2 earth elementals
  8 scorpions
  11 necrophages
  2 cane toad simulacra (IceCv)
  2 wyvern zombies (D:7)
  4 gnoll sergeants
  A water moccasin zombie (D:7)
  10 wights (D:7)
  Dowan (D:7)
  8 killer bees (D:10)
  2 troll skeletons (Swamp:3)
  4 electric eels (D:8)
  3 howler monkeys (D:8)
  8 small abominations
  A bullfrog zombie (D:7)
  10 centaur zombies
  2 gnoll boudas
  3 hounds
  A jelly (shapeshifter) (Depths:1)
  5 jellies
  A basilisk skeleton (Crypt:2)
  13 orc priests
  Terence (D:2)
  4 iguanas
  Ijyb (D:3)
  22 orc wizards
  A killer bee zombie (D:7)
  An ice beast zombie (Crypt:2)
  2 howler monkey zombies (D:10)
  35 gnolls
  6 adders
  A shadow imp (D:7)
  A white imp (D:6)
  An iguana skeleton (Crypt:2)
  A lava snake skeleton (Crypt:2)
  3 worms
  90 orcs
  10 endoplasms
  4 giant cockroaches
  8 goblins
  3 hobgoblins
  4 kobolds
  5 quokkas
  A ball python (D:2)
  3 bats
  2 frilled lizard skeletons
  7 rats
  A bush (Lair:5)
2164 creatures vanquished.

Vanquished Creatures (collateral kills)
  A deep troll shaman (Depths:4)
  2 hell knights (Depths:4)
  2 iron trolls (Depths:4)
  2 cane toads (Lair:3)
  2 bullfrogs (Lair:3)
9 creatures vanquished.

Vanquished Creatures (others)
  A dancing weapon (Elf:2)
  A deep elf zephyrmancer (Elf:1)
  2 bloated husks
  A basilisk (D:11)
  A redback (Spider:4)
  A wolf (Lair:5)
  15 foxfires
  139 fungi
  178 plants
  5 withered plants
344 creatures vanquished.

Grand Total: 2517 creatures vanquished

Notes
Turn   | Place    | Note
-------+----------+-------------------------------------------
     0 | D:1      | MrRokkomies the Armataur Gladiator began the quest for the
                  | Orb.
     0 | D:1      | Reached XP level 1. HP: 18/18 MP: 1/1
   420 | D:1      | Reached XP level 2. HP: 25/25 MP: 2/2
   484 | D:1      | Reached skill level 1 in Armour
   543 | D:1      | Found Awumymu's Armour Emporium.
   813 | D:2      | Reached XP level 3. HP: 16/32 MP: 3/3
  1023 | D:2      | Noticed Terence
  1038 | D:2      | Killed Terence
  1096 | D:2      | Noticed Sigmund
  1118 | D:2      | Killed Sigmund
  1119 | D:2      | Reached XP level 4. HP: 14/42 MP: 4/4
  1119 | D:2      | Reached XP level 5. HP: 17/49 MP: 5/5
  1557 | D:3      | Noticed Ijyb
  1561 | D:3      | Killed Ijyb
  1562 | D:3      | Reached XP level 6. HP: 55/55 MP: 6/6
  1594 | D:3      | Found a faded altar of an unknown god.
  2523 | D:4      | Found a staircase to the Ecumenical Temple.
  2538 | Temple   | Entered the Ecumenical Temple
  2657 | Temple   | Became a worshipper of Cheibriados the Contemplative
  3098 | D:4      | Reached skill level 5 in Fighting
  3340 | D:5      | Entered Level 5 of the Dungeon
  3356 | D:5      | Noticed Pikel
  3364 | D:5      | Killed Pikel
  3365 | D:5      | Reached XP level 7. HP: 65/66 MP: 6/9
  3388 | D:5      | Reached XP level 8. HP: 74/74 MP: 8/10
  3633 | D:5      | Reached skill level 5 in Armour
  4090 | D:5      | Reached * piety under Cheibriados
  4382 | D:1      | Bought a +2 chain mail of cold resistance for 301 gold
                  | pieces
  4771 | D:6      | Reached skill level 5 in Invocations
  5000 | D:6      | Noticed a gargoyle
  5019 | D:6      | Killed a gargoyle
  5020 | D:6      | Reached XP level 9. HP: 42/84 MP: 11/13
  5431 | D:7      | Noticed Duvessa
  5431 | D:7      | Noticed Dowan
  5435 | D:7      | Killed Dowan
  5447 | D:7      | Killed Duvessa
  5622 | D:7      | Reached ** piety under Cheibriados
  5784 | D:7      | Reached skill level 5 in Dodging
  6347 | D:7      | Found an ornate altar of the Wu Jian Council.
  6569 | D:8      | Found a transporter.
  6579 | D:8      | Found a transporter.
  6707 | D:8      | Reached XP level 10. HP: 76/95 MP: 15/15
  6763 | D:8      | Reached *** piety under Cheibriados
  7102 | D:8      | Found a shadowy altar of Dithmenos.
  7834 | D:8      | Found a shimmering altar of Xom.
  8138 | D:9      | Paralysed by a hornet for 1 turns
  8141 | D:9      | Paralysed by a hornet for 2 turns
  8188 | D:9      | Noticed a two-headed ogre
  8202 | D:9      | Killed a two-headed ogre
  8306 | D:9      | Paralysed by a hornet for 1 turns
  8308 | D:9      | Reached **** piety under Cheibriados
  8573 | D:9      | Found a staircase to the Orcish Mines.
  8603 | D:9      | Found Jiatzeob's Weapon Shoppe.
  8929 | D:10     | Entered Level 10 of the Dungeon
  8963 | D:10     | Noticed a two-headed ogre
  8970 | D:10     | Killed a two-headed ogre
  8971 | D:10     | Reached XP level 11. HP: 94/105 MP: 17/17
  8985 | D:10     | Noticed a two-headed ogre
  8992 | D:10     | Killed a two-headed ogre
  9160 | D:10     | Found a runed translucent gate.
  9161 | D:10     | Found a runed translucent gate.
  9162 | D:10     | Found a runed translucent gate.
  9198 | D:10     | Reached ***** piety under Cheibriados
  9248 | D:10     | Noticed rigrig's ghost (journeyman KoBe)
  9260 | D:10     | Found a basalt altar of Yredelemnul.
  9305 | D:10     | Reached skill level 10 in Fighting
  9505 | D:10     | Reached skill level 10 in Invocations
  9858 | D:11     | Noticed a boulder beetle
  9870 | D:11     | Killed a boulder beetle
 10099 | D:11     | Reached skill level 1 in Maces & Flails
 10529 | D:11     | Found a staircase to the Lair.
 10536 | D:11     | Noticed Psyche
 10558 | D:11     | Paralysed by something for 4 turns
 10566 | D:11     | Killed Psyche
 10567 | D:11     | Reached XP level 12. HP: 115/115 MP: 18/20
 10997 | Lair:1   | Entered Level 1 of the Lair of Beasts
 11161 | Lair:1   | Noticed Fannar
 11217 | Lair:1   | HP: 5/117 [Fannar/bolt of cold (19)]
 11218 | Lair:1   | Killed Fannar
 11631 | Lair:1   | Noticed Joseph
 11643 | Lair:1   | Killed Joseph
 11644 | Lair:1   | Reached skill level 10 in Armour
 11971 | D:1      | Bought a +0 kite shield for 63 gold pieces
 12581 | Lair:2   | Reached skill level 1 in Shields
 12694 | Lair:2   | Noticed Amaemon
 12716 | Lair:2   | Killed Amaemon
 12998 | Lair:2   | Noticed a boulder beetle
 13015 | Lair:2   | Killed a boulder beetle
 13068 | Lair:2   | Reached ****** piety under Cheibriados
 13266 | Lair:2   | Noticed a dire elephant
 13290 | Lair:2   | Killed a dire elephant
 13291 | Lair:2   | Reached skill level 5 in Shields
 13482 | Lair:2   | Noticed a seven-headed hydra
 13492 | Lair:2   | Killed a seven-headed hydra
 13611 | Lair:2   | Reached XP level 13. HP: 124/124 MP: 21/21
 13684 | Lair:2   | Reached skill level 5 in Maces & Flails
 14047 | Lair:3   | Found a hole to the Spider Nest.
 14053 | Lair:3   | Noticed Snorg
 14062 | Lair:3   | Killed Snorg
 14221 | Lair:3   | Found a staircase to the Swamp.
 15367 | Lair:4   | Identified a scroll of acquirement
 15367 | Lair:4   | Acquired the +8 orange crystal plate armour {Archmagi,
                  | Int+3 Clar}
 15367 | Lair:4   | Found the +8 orange crystal plate armour {Archmagi, Int+3
                  | Clar}
 15795 | Lair:5   | Entered Level 5 of the Lair of Beasts
 15877 | Lair:5   | Reached XP level 14. HP: 125/132 MP: 23/23
 16066 | Lair:5   | Found a staircase to the Slime Pits.
 16066 | Lair:5   | Found a viscous altar of Jiyva.
 16081 | Lair:5   | Reached skill level 5 in Throwing
 17495 | Orc:1    | Entered Level 1 of the Orcish Mines
 17661 | Orc:1    | Noticed an orc warlord
 17683 | Orc:1    | Killed an orc warlord
 18069 | Orc:2    | Entered Level 2 of the Orcish Mines
 18071 | Orc:2    | Noticed an orc warlord
 18103 | Orc:1    | Killed an orc warlord
 18205 | Orc:2    | Reached XP level 15. HP: 71/139 MP: 22/24
 18246 | Orc:2    | Reached skill level 10 in Shields
 18383 | Orc:2    | Reached skill level 10 in Maces & Flails
 18470 | Orc:2    | Found Dofug's Antique Weapon Boutique.
 18480 | Orc:2    | Found Apinla's Antique Armour Boutique.
 18636 | Orc:2    | Found Yxifyr's General Store.
 18690 | Orc:2    | Found a staircase to the Elven Halls.
 18755 | Orc:2    | Found Heceish's Jewellery Shoppe.
 18922 | Orc:2    | Bought a pair of glowing gloves for 202 gold pieces
 18922 | Orc:2    | Bought a scorched cloak for 256 gold pieces
 18922 | Orc:2    | Identified the +0 cloak of Iguisuifo {rN+} (You bought it
                  | in a shop on level 2 of the Orcish Mines)
 18922 | Orc:2    | Bought a pair of runed gloves for 202 gold pieces
 19022 | D:12     | Noticed Nessos
 19023 | D:12     | Nessos changed into Nessos the black bear
 19023 | D:12     | Noticed Nessos
 19028 | D:12     | Killed Nessos the black bear
 19091 | D:12     | Acquired the ring of Cev Elynai {rF+ rN++ Str-5 Int+7}
 19151 | D:12     | Noticed Frances
 19284 | D:12     | Identified the +2 leather armour "Soupaxoc" {rN+}
 19607 | D:12     | Killed Frances
 19863 | D:13     | Found a frozen archway.
 19955 | IceCv    | Entered an ice cave
 20054 | IceCv    | Found a transporter.
 20062 | IceCv    | Found a transporter.
 20364 | D:13     | Found a gate to the Vaults.
 20402 | D:13     | Learned a level 5 spell: Freezing Cloud
 20469 | D:13     | Found a runed translucent door.
 20791 | D:13     | Found a runed translucent gate.
 20791 | D:13     | Found a runed translucent gate.
 20794 | D:13     | Found a runed translucent gate.
 20797 | D:13     | Noticed Lowk's ghost (journeyman DjFE)
 20797 | D:13     | Noticed Zeoj's ghost (novice FeDe)
 21568 | D:13     | Noticed a tentacled monstrosity
 21580 | D:13     | Killed a tentacled monstrosity
 22688 | D:14     | Identified the +1 leather armour of Melancholy {rN+}
 22925 | D:15     | Entered Level 15 of the Dungeon
 23170 | D:15     | Reached XP level 16. HP: 132/148 MP: 25/25
 23359 | D:15     | Noticed Jorgrun
 23378 | D:15     | Killed Jorgrun
 23445 | D:15     | Reached skill level 10 in Throwing
 23521 | D:15     | Found an ancient bone altar of Kikubaaqudgha.
 23565 | D:15     | Found a staircase to the Depths.
 23957 | Swamp:1  | Entered Level 1 of the Swamp
 24049 | Swamp:1  | Reached skill level 1 in Spellcasting
 24049 | Swamp:1  | Reached skill level 1 in Conjurations
 24149 | Swamp:1  | Reached skill level 2 in Conjurations
 24444 | Swamp:1  | Learned a level 7 spell: Orb of Destruction
 24832 | Swamp:1  | Reached skill level 3 in Conjurations
 25816 | Swamp:3  | Reached skill level 4 in Conjurations
 26211 | Swamp:3  | Reached skill level 5 in Conjurations
 26438 | Swamp:3  | Reached skill level 5 in Spellcasting
 26654 | Swamp:4  | Entered Level 4 of the Swamp
 26798 | Swamp:4  | Reached skill level 6 in Conjurations
 27061 | Swamp:4  | Reached XP level 17. HP: 103/156 MP: 26/26
 27264 | Swamp:4  | Paralysed by something for 2 turns
 27280 | Swamp:4  | Paralysed by something for 4 turns
 27501 | Swamp:3  | Reached skill level 7 in Conjurations
 27883 | Swamp:4  | Paralysed by a vampire knight for 3 turns
 28302 | Swamp:4  | Paralysed by a hornet for 3 turns
 28329 | Swamp:4  | Found a basalt altar of Yredelemnul.
 28370 | Swamp:4  | Got a decaying rune of Zot
 28434 | Swamp:4  | Found a blossoming altar of Fedhas.
 28726 | Spider:1 | Entered Level 1 of the Spider Nest
 28915 | Spider:1 | Reached skill level 8 in Conjurations
 28950 | Spider:1 | Noticed Roxanne
 28997 | Spider:1 | Identified the +9 quarterstaff of Badois {drain, rC+ rN++
                  | Str+2}
 29112 | Spider:1 | Reached skill level 15 in Armour
 29151 | Spider:1 | Gained mutation: Your magical capacity is low. (-10% MP)
                  | [mutagenic glow]
 29396 | Spider:1 | Identified the +0 pair of gloves of Aneygg {rC- Int+9}
 29401 | Spider:1 | Identified the -2 robe "Hiv Xub Kay" {rElec rCorr Dex+3
                  | Stlth-}
 29850 | Spider:1 | Killed Roxanne
 31246 | Spider:3 | Reached skill level 9 in Conjurations
 31591 | Spider:4 | Entered Level 4 of the Spider Nest
 31916 | Spider:4 | Reached XP level 18. HP: 123/164 MP: 4/27
 31959 | Spider:4 | Noticed Mlioglotl
 31977 | Spider:4 | Killed Mlioglotl
 32372 | Spider:4 | Reached skill level 10 in Conjurations
 32764 | Spider:4 | Got a gossamer rune of Zot
 33096 | Vaults:1 | Entered Level 1 of the Vaults
 33206 | Vaults:1 | Found a crumbling gateway.
 33239 | Desolati | Entered the Desolation of Salt
 33427 | Desolati | Got Sif Muna's Encyclopedia of the Welkin and Metamorphosis
 33620 | Desolati | Reached skill level 10 in Spellcasting
 33639 | Desolati | Reached skill level 11 in Conjurations
 33649 | Desolati | Got the Volume of Allies
 33654 | Desolati | Learned a level 3 spell: Hailstorm
 33669 | Desolati | Learned a level 1 spell: Apportation
 33674 | Desolati | Learned a level 4 spell: Animate Armour
 33726 | Desolati | Identified the +8 glaive of Painful Death {venom, rN+
                  | Dex+2}
 34061 | Desolati | Identified the +4 ring mail of Oroikejo {Regen+}
 34094 | Desolati | Identified the ring of the Queen {Will+ rCorr EV+4 Str+3}
 34115 | Desolati | Identified the ring "Gach" {Fire rN++ Str-3 Dex+5}
 34308 | Desolati | Reached XP level 19. HP: 160/171 MP: 30/30
 34325 | Desolati | Got Rugori's Lectures on Ashen Metamorphosis
 34364 | Desolati | Got Ununagyl's Handbook of Hoarfrost
 34441 | Desolati | Identified the +4 scale mail of Whack-A-Mole {Dex+4}
 34444 | Desolati | Identified the ring "Jainlets" {Str+6 Int+3}
 34914 | Vaults:1 | Found Emaufocs's Antique Weapon Boutique.
 35033 | Vaults:1 | Found Darchep's Jewellery Shoppe.
 35402 | Vaults:1 | Reached skill level 12 in Conjurations
 35917 | Vaults:1 | Found Kadan's Jewellery Emporium.
 35925 | Vaults:1 | Bought the ring "Obuoleaph" {Ice rPois} for 470 gold pieces
 37534 | Vaults:2 | Found a staircase to the Crypt.
 38118 | Vaults:2 | Reached skill level 13 in Conjurations
 39132 | Vaults:3 | Reached XP level 20. HP: 176/182 MP: 31/31
 39934 | Vaults:4 | Paralysed by a sphinx for 3 turns
 39977 | Vaults:4 | Noticed Frederick
 40006 | Vaults:4 | Killed Frederick
 40367 | Vaults:4 | Reached skill level 14 in Conjurations
 40369 | Vaults:4 | Reached skill level 1 in Summonings
 40372 | Vaults:4 | Noticed Xtahua
 40407 | Vaults:4 | Paralysed by Xtahua for 4 turns
 40417 | Vaults:4 | Killed Xtahua
 40758 | Vaults:4 | Noticed Zenata
 40996 | Vaults:4 | Killed Zenata
 41773 | Vaults:4 | Reached skill level 15 in Invocations
 42243 | Crypt:1  | Entered Level 1 of the Crypt
 42307 | Crypt:1  | Noticed Aizul
 42337 | Vaults:2 | Killed Aizul
 42508 | Crypt:1  | Learned a level 7 spell: Spellforged Servitor
 42711 | Crypt:1  | Learned a level 2 spell: Wereblood
 43073 | Crypt:1  | Reached skill level 15 in Conjurations
 43464 | Crypt:2  | Reached skill level 15 in Fighting
 43464 | Crypt:2  | Reached XP level 21. HP: 185/196 MP: 30/32
 43583 | Crypt:2  | Found a magical portal.
 43592 | WizLab   | Entered Wucad Mu's Monastery
 43806 | WizLab   | Found the +9 staff of Wucad Mu {*channel}
 43842 | WizLab   | Reached skill level 16 in Conjurations
 43842 | WizLab   | Reached skill level 5 in Summonings
 43842 | WizLab   | Reached XP level 22. HP: 136/205 MP: 28/33
 43842 | WizLab   | Reached XP level 23. HP: 140/212 MP: 28/34
 44257 | Crypt:2  | Paralysed by a vampire knight for 3 turns
 44396 | Crypt:2  | Identified the +4 scale mail "Juadis" {Dex+2}
 45087 | Crypt:3  | Entered Level 3 of the Crypt
 45575 | Crypt:3  | Found a basalt altar of Yredelemnul.
 46263 | Crypt:3  | Found a staircase to the Tomb.
 46708 | Crypt:3  | Identified the ring "Vidur" {rPois rN+ Str+3}
 46708 | Crypt:3  | Identified the ring "Vuytaac" {Drain rN+ Will+ rCorr Int-4
                  | Slay+3}
 46710 | Crypt:3  | Identified the +0 crystal plate armour "Put-Me-On" {rCorr}
 46754 | Crypt:3  | Found the +8 demon trident "Rift" {distort, reach+}
 46766 | Crypt:3  | Reached skill level 17 in Conjurations
 47184 | Elf:1    | Entered Level 1 of the Elven Halls
 47774 | Elf:1    | Got Ofoucosh's Folio of Creative Bolts
 48153 | Elf:2    | Noticed Saint Roka
 48182 | Elf:2    | Killed Saint Roka
 48222 | Elf:2    | Paralysed by an air elemental for 1 turns
 48498 | Elf:2    | Found a huge runed translucent gate.
 48498 | Elf:2    | Found a huge runed translucent gate.
 48498 | Elf:2    | Found a huge runed translucent gate.
 48498 | Elf:2    | Found a huge runed translucent gate.
 48499 | Elf:2    | Found a huge runed translucent gate.
 48590 | Elf:2    | Reached skill level 10 in Dodging
 48988 | Elf:2    | Reached XP level 24. HP: 144/226 MP: 34/34
 49453 | Elf:3    | Entered Level 3 of the Elven Halls
 49485 | Elf:3    | Identified the +1 leather armour "Tooqaowim" {rPois rCorr
                  | Slay+5}
 49493 | Elf:3    | Found Zelaor's Antique Weapon Emporium.
 50251 | Elf:3    | Identified the amulet "Ygeom" {Acrobat Will+ SInv}
 50308 | Elf:3    | Identified the +6 lajatang of Moral Flaws {vamp, Will+
                  | Dex+2}
 50308 | Elf:3    | Identified the +3 leather armour "Yxutig" {rC++ Regen+
                  | rCorr Int-4}
 50529 | Elf:3    | Identified the +6 long sword of the Grave {vorpal, rC- rN+
                  | Str+7}
 50814 | Elf:3    | Reached skill level 18 in Conjurations
 51036 | Elf:3    | Identified the +2 leather armour "Adymuu" {-Cast rPois
                  | rF+++ Stlth-}
 51046 | Elf:3    | Identified the +0 chain mail of Darkness {+Blink Will+
                  | Str+3}
 51060 | Elf:3    | Got the Folio of Glaciation and Conflict
 51458 | Slime:1  | Entered Level 1 of the Pits of Slime
 51624 | Slime:2  | Gained mutation: You occasionally shout uncontrollably at
                  | your foes. [a shining eye]
 51881 | Depths:1 | Entered Level 1 of the Depths
 52317 | Depths:1 | Noticed Muorisk's ghost (journeyman DsGl)
 53375 | Depths:1 | Found a runed translucent door.
 54561 | Depths:1 | Found a gateway to Hell.
 54905 | Depths:1 | Upgraded the game from 0.30-a0-341-g682706514a to
                  | 0.30-a0-347-gf58ed5266c
 55011 | Depths:2 | Found a one-way gate leading to the halls of Pandemonium.
 55026 | Depths:2 | Gained mutation: You are frail. (-10% HP) [a neqoxec]
 55191 | Depths:2 | Noticed a juggernaut
 55506 | Depths:2 | Killed a juggernaut
 55507 | Depths:2 | Reached XP level 25. HP: 138/217 MP: 34/34
 55864 | Depths:2 | Reached skill level 19 in Conjurations
 56739 | Depths:2 | Reached skill level 1 in Transmutations
 57121 | Depths:2 | Found a runed translucent door.
 57121 | Depths:2 | Noticed LetschGu's ghost (master SpHu)
 57532 | Depths:3 | Noticed a juggernaut
 57553 | Depths:3 | Found a one-way gateway to a ziggurat.
 57553 | Depths:3 | Found the +3 robe of Clouds {*Thunder rCloud rElec}
 58485 | Depths:3 | Found Huofuze's Weapon Emporium.
 58486 | Depths:3 | Found an opulent altar of Gozag.
 58671 | Depths:3 | Noticed Margery
 58704 | Depths:3 | Killed Margery
 59225 | Depths:3 | Found a one-way gate to the infinite horrors of the Abyss.
 59489 | Depths:3 | Noticed a juggernaut
 60206 | Depths:3 | Reached skill level 5 in Transmutations
 60486 | Depths:3 | Reached skill level 1 in Earth Magic
 60661 | Depths:3 | Identified the +9 sling of Ashenzari's Envy {drain, rElec
                  | Str+3}
 60895 | Depths:3 | Killed a juggernaut
 60896 | Depths:3 | Reached skill level 10 in Summonings
 61414 | Depths:4 | Entered Level 4 of the Depths
 61945 | Depths:4 | Reached skill level 20 in Conjurations
 62000 | Depths:4 | Found an ornate altar of the Wu Jian Council.
 62352 | Depths:4 | Found a gate to the Realm of Zot.
 62781 | Depths:4 | Reached XP level 26. HP: 220/225 MP: 23/34
 63425 | Depths:4 | Noticed a juggernaut
 63433 | Depths:4 | Killed a juggernaut
 64279 | Slime:4  | Gained mutation: You are very frail. (-20% HP) [a shining
                  | eye]
 64427 | Slime:5  | Entered Level 5 of the Pits of Slime
 64447 | Slime:5  | Reached skill level 5 in Earth Magic
 64683 | Slime:5  | Found a viscous altar of Jiyva.
 64684 | Slime:5  | Noticed the Royal Jelly
 65299 | Slime:5  | Killed the Royal Jelly
 65303 | Slime:5  | Splashed with acid

Illustrated notes

Levels and vault maps discovered:
D:1:      eino_arrival_tree_alley, layout_loops_cross, serial_shops, shop,
          serial_park_tiny_1
D:2:      layout_basic, uniq_sigmund, uniq_terence
D:3:      layout_basic, hellmonk_ecumenical_altar_crossroads, uniq_ijyb
D:4:      layout_layer_cave, temple_pool_b
D:5:      layout_basic, serial_bayou, serial_bayou_lake_a,
          serial_bayou_crossing, serial_bayou_pond_a, serial_bayou_shore_b,
          serial_bayou_shore_a, serial_bayou_pond_d, interstate_on_off,
          uniq_pikel
D:6:      layout_basic, serial_aquarium, aquarium_bridge_square
          [aquarium_subvault_bridge, aquarium_subvault_wall,
          aquarium_subvault_window, aquarium_subvault_window],
          aquarium_window_corridor_1, aquarium_window_2, aquarium_view_2c,
          hangedman_abyss_or_decor_stagger, st_stairs_13
D:7:      layout_loops_ring, mainiacjoe_overflow_paths, serial_undead,
          serial_undead_a, serial_undead_a, serial_undead_f, serial_undead_e,
          uniq_duvessa
D:8:      gammafunk_steamed_eel, layout_layer_cave,
          mainiacjoe_overflow_six_doors_small, nicolae_overflow_hidden_temple
D:9:      layout_roguey, minmay_orc_entry_temple_small, serial_shops,
          kennysheep_mini_moat
D:10:     layout_rooms, nicolae_yredelemnul_corpse_copse, gammafunk_ghost_icy
D:11:     layout_cave_pods, david_lair_generic, uniq_psyche
D:12:     layout_basic, uniq_frances, uniq_nessos
D:13:     cheibrodos_body_horror, layout_basic, grunt_vaults_entry_fortified,
          portal_ice_cave_entry_animals_and_master, gammafunk_ghost_cemetery,
          serial_co_window_serial, co_window_of_opportunity_a,
          co_window_corner_a, co_window_paths_a, co_window_paths_a,
          co_window_corner_a, co_window_paths_b, co_window_corner_a,
          co_window_paths_a, co_window_of_opportunity_a, co_window_corner_ca,
          co_window_unsneaky_path_d, co_window_corner_cb, co_window_4corner_b,
          glass_columns_c, glass_columns_c
D:14:     layout_loops_corners, kennysheep_minor_cross, david_defended_altar_orc
D:15:     hangedman_depths_entry_try_elsewhere_first, layout_gridville,
          nicolae_kikubaaqudgha_miasma_corner, uniq_jorgrun
Temple:   hc_temple_tempest_star
Lair:1:   layout_chaotic_city, lemuel_old_faithful, uniq_fannar, uniq_joseph
Lair:2:   mu_elephants_graveyard, layout_hall_layers, nzn_sisyphean_effort,
          uniq_amaemon
Lair:3:   layout_cave_shapes, skrybe_swamp_entry_bodies,
          nicolae_spider_entry_non_spiders, uniq_snorg
Lair:4:   beast_lair_carwin_large_1, layout_loops_ring,
          nicolae_quartered_pool_super
Lair:5:   hangedman_lair_caniforms_friends, layout_loops_ring,
          nicolae_slime_entry_slimehenge, serial_forest,
          infiniplex_forest_side_room, infiniplex_forest_end_3,
          infiniplex_forest_straight_4, infiniplex_forest_lined_room_3,
          infiniplex_forest_clump_tiny, infiniplex_forest_straight_3
Swamp:1:  layout_falls_marsh, evilmike_swamp_ruin_house_5
Swamp:2:  layout_basic_swamp, nicolae_swamp_tree_designs, swamp_pool4,
          hangedman_swamp_blocks
Swamp:3:  layout_basic_swamp, nicolae_swamp_stair_fork, swamp_pool2,
          cheibrodos_swamp_minitomb
Swamp:4:  byrel_swamp_growth_death_and_undeath, layout_basic_swamp
Spider:1: layout_spider_delve, hellmonk_motheaten_closet, uniq_roxanne
Spider:2: layout_spider_delve
Spider:3: layout_spider_delve
Spider:4: hellmonk_spider_rune_bug_friends, uniq_mlioglotl
Slime:1:  layout_caves
Slime:2:  layout_caves
Slime:3:  cheibrodos_slime_lost_civilization_10, layout_caves, uniq_dissolution
Slime:4:  layout_caves, nicolae_slime_barrier
Slime:5
Orc:1:    layout_caves
Orc:2:    grunt_orc_gardens, layout_caves, grunt_orc_garden, grunt_orc_garden,
          grunt_orc_garden, grunt_orc_garden
Elf:1:    eino_elf_arrival_sip, layout_geoelf_octagon, minmay_elf_sorcery
Elf:2:    elven_hall_of_blades_hangedman_alternative
          [infiniplex_blade_entry_pillars], layout_loops_corners,
          lemuel_upstairs_altar, uniq_saint_roka
Elf:3:    grunt_elf_hall_asides, layout_geoelf_diagonals, serial_shops, shop,
          amethyst_killhole, hangedman_elf_represent
Vaults:1: portal_desolation_entry_nicolae_nacl, nicolae_vaults_ninety_degrees,
          nicolae_vaults_windows_and_doors_thing, vaults_dpeg_emergency_exit,
          v_misc_23, v_rooms_1, ontoclasm_vaults_misaligned,
          nicolae_vaults_network_quinsquares
          [nicolae_vaults_network_quincunx_subvault,
          nicolae_vaults_network_quincunx_subvault,
          nicolae_vaults_network_quincunx_subvault,
          nicolae_vaults_network_quincunx_subvault], v_rooms_4,
          hangedman_vaults_snaps, ontoclasm_vaults_shuriken,
          nicolae_vaults_diagonal_hallway_7, nicolae_vaults_asterisk,
          nicolae_vaults_little_ls, layout_vaults_ring, serial_shops,
          nicolae_shop_hallway_plus, shop_fountains, nicolae_shop_stone
Vaults:2: vaults_room_hallway, minmay_crypt_entry_simple_plaza,
          nicolae_vaults_yaktaur_gun_rack, grunt_vaults_hallway_short,
          hangedman_vaults_pinch, hangedman_vaults_slither,
          nicolae_vaults_little_squares_4, v_misc_9, vaults_room_stairs_pillars,
          nicolae_vaults_bisected_slash, hangedman_vaults_maws,
          vaults_dpeg_encased_lava, layout_vaults_maze_snakey
Vaults:3: v_alt_pattern_3, vaults_standard_mumra_x, dpeg_vaults_monster_box,
          vaults_standard_mumra_lines, ontoclasm_vaults_twist,
          ontoclasm_vaults_idyll, vaults_room_corners, hangedman_vaults_slice,
          nicolae_vaults_rhombus_7, vaults_room_stairs_pillars,
          layout_vaults_chaotic_city
Vaults:4: nicolae_vaults_network_star, v_rooms_3, v_misc_15,
          vaults_room_door_ring, v_misc_17, hangedman_vaults_stream,
          vaults_mumra_minichess_inversion, v_rooms_2, ontoclasm_vaults_hangar,
          v_misc_3, layout_vaults_omnicross, uniq_frederick, uniq_zenata,
          uniq_xtahua
Crypt:1:  layout_regular_city, uniq_aizul
Crypt:2:  layout_gridlike, mu_enter_wizlab_3, grunt_ministairs_13,
          grunt_megastairs_4
Crypt:3:  grunt_crypt_end_deaths_head
Depths:1: layout_long_grid, grunt_hell_horde, hellmonk_ghost_big_iron,
          minmay_evil_grid, nicolae_triple_integral
Depths:2: minmay_curly_fans, layout_cave_shapes, hell_entry,
          minmay_misc_feat_tower, rand_demon_pan_entry_5, gammafunk_ghost_grave,
          infiniplex_staircase_zigzag_1
Depths:3: minmay_nested_s, layout_basic, enter_ziggurat_c, serial_shops, shop,
          pf_hell_entry_tar_spiral, chequers_jeans,
          abyss_entry_small_statue_room,
          nicolae_gozag_cash_rules_everything_around_me,
          infiniplex_staircase_pool_2, uniq_margery
Depths:4: grunt_crosshair, layout_gridville, nzn_wu_jian_contemplation,
          pf_coc_iceberg, serial_glass, glass_columns_a, glass_columns_b,
          glass_columns_a, rand_demon_pan_entry_3

Skill      XL: |  1  2  3  4  5  6  7  8  9 10 11 12 13 14 15 16 17 18 19 20 21 22 23 24 25 26 |
---------------+-------------------------------------------------------------------------------+-----
Fighting       | 2 4 5 7 8 9 10 11 12 13 15 16 18 | 18.3
Armour         | 1 3 4 6 7 8 9 10 11 13 14 15 | 15.0
Dodging        | 3 4 5 6 7 8 10 11 13 14 | 14.0
Invocations    | 2 3 5 7 9 10 11 12 13 14 15 | 15.0
Maces & Flails | 1 4 7 9 11 | 11.8
Shields        | 5 8 9 10 | 10.6
Throwing       | 4 7 9 10 11 12 | 12.0
Spellcasting   | 5 8 10 11 | 11.3
Conjurations   | 6 9 11 13 15 16 17 18 20 | 20.0
Summonings     | 3 5 7 8 11 12 | 12.1
Transmutations | 5 |  5.0
Earth Magic    | 4 5 |  5.6
Staves         | |  2.6

Action                   |  1- 3 |  4- 6 |  7- 9 | 10-12 | 13-15 | 16-18 | 19-21 | 22-24 | 25-27 || total
-------------------------+-------+-------+-------+-------+-------+-------+-------+-------+-------++-------
Melee: Quarterstaff      |    80 |     2 |       |       |       |       |       |       |       ||    82
       Tailslap          |    10 |     4 |    27 |   150 |   447 |   550 |   533 |   634 |   407 ||  2762
       Halberd           |       |    97 |   264 |   259 |       |       |       |       |       ||   620
       Morningstar       |       |       |       |   149 |    48 |       |       |       |       ||   197
       Unarmed           |       |       |       |     5 |       |       |       |       |       ||     5
       Punch             |       |       |       |     5 |       |       |       |       |       ||     5
       Whip              |       |       |       |   229 |  1614 |       |       |       |       ||  1843
       Demon whip        |       |       |       |       |   224 |  2177 |  1969 |  2293 |  1306 ||  7969
       Staff             |       |       |       |       |       |       |       |       |     6 ||     6
Throw: Dart              |     6 |     5 |       |    32 |    48 |    30 |    76 |   100 |    22 ||   319
       Throwing net      |     2 |       |       |     3 |       |       |       |       |       ||     5
       Boomerang         |       |       |       |       |    18 |   242 |       |       |     4 ||   264
       Javelin           |       |       |       |       |     2 |       |     1 |       |       ||     3
 Cast: Hailstorm         |       |       |       |       |       |       |     8 |       |     1 ||     9
       Orb of Destructio |       |       |       |       |       |       |       |       |    29 ||    29
       Wereblood         |       |       |       |       |       |       |       |       |     5 ||     5
       Animate Armour    |       |       |       |       |       |       |       |       |     3 ||     3
Invok: Bend Time         |       |       |       |     3 |     3 |     5 |     3 |     2 |     1 ||    17
       Slouch            |       |       |       |       |    11 |    14 |    15 |    14 |    10 ||    64
       Step From Time    |       |       |       |       |       |     5 |     1 |     5 |     2 ||    13
       Temporal Distorti |       |       |       |       |       |     3 |     4 |     3 |     3 ||    13
Evoke: Wand              |       |       |     9 |     4 |     3 |     1 |       |     2 |     1 ||    20
       Condenser vane    |       |       |       |       |       |       |       |     1 |     1 ||     2
  Use: Scroll            |     3 |     9 |     6 |     7 |    17 |    12 |     3 |     7 |    11 ||    75
       Potion            |       |       |       |     5 |     2 |    11 |     4 |     9 |     4 ||    35
 Stab: Held in net/web   |     1 |       |       |       |       |       |       |       |       ||     1
       Paralysed         |       |       |     7 |       |       |     9 |       |       |       ||    16
       Distracted        |       |       |     1 |       |       |       |       |     2 |       ||     3
Armor: Plate armour      |    41 |    61 |    61 |   235 |       |       |       |       |       ||   398
       Chain mail        |       |       |   158 |   553 |   189 |       |       |       |       ||   900
       Crystal plate arm |       |       |       |       |   995 |  1579 |  1238 |  1191 |   632 ||  5635
Dodge: Dodged            |    10 |    20 |    86 |   461 |   565 |   544 |   509 |   508 |   471 ||  3174
Block: Kite shield       |       |       |       |     7 |  1360 |  1415 |  1132 |  1128 |   636 ||  5678

Table legend: (Time is in decaauts)
 A = Elapsed time spent in this place.
 B = Non-inter-level travel time spent in this place.
 C = Inter-level travel time spent in this place.
 D = Time resting spent in this place.
 E = Time spent auto-exploring this place.
 F = Levels seen in this place.
 G = Mean time per level.
                   A        B        C        D        E       F      G
               +--------+--------+--------+--------+--------+-----+--------+
         Total |  91224 |  82143 |   9081 |   9998 |  55357 |  53 | 1721.2 |
       Dungeon |  24648 |  21013 |   3635 |   1231 |  16566 |  15 | 1643.2 |
        Temple |    129 |    103 |     26 |      0 |     90 |   1 |  129.0 |
          Lair |  10603 |   9074 |   1529 |    488 |   6719 |   5 | 2120.6 |
         Swamp |   6471 |   6274 |    197 |   1447 |   3474 |   4 | 1617.8 |
   Spider Nest |   6528 |   5972 |    556 |    115 |   4788 |   4 | 1632.0 |
    Slime Pits |   1333 |   1294 |     39 |    859 |     54 |   5 |  266.6 |
  Orcish Mines |   2460 |   2042 |    418 |    109 |   1405 |   2 | 1230.0 |
   Elven Halls |   5966 |   5648 |    318 |    354 |   4047 |   3 | 1988.7 |
        Vaults |  10726 |  10118 |    608 |   1283 |   7096 |   4 | 2681.5 |
         Crypt |   5520 |   5210 |    310 |    342 |   3177 |   3 | 1840.0 |
        Depths |  14139 |  12698 |   1441 |   3503 |   6819 |   4 | 3534.8 |
      Ice Cave |    136 |    136 |      0 |     29 |     37 |   1 |  136.0 |
        Wizlab |    468 |    468 |      0 |      9 |     23 |   1 |  468.0 |
    Desolation |   2091 |   2091 |      0 |    224 |   1056 |   1 | 2091.0 |
               +--------+--------+--------+--------+--------+-----+--------+

Top non-repeatable levels by time:
Depths:3: 5186 daAuts
Depths:1: 3979 daAuts
    D:13: 3551 daAuts
Vaults:4: 3156 daAuts
Vaults:1: 2963 daAuts
  Lair:5: 2607 daAuts
Depths:2: 2530 daAuts
  Lair:2: 2475 daAuts
 Swamp:3: 2468 daAuts
Depths:4: 2442 daAuts
Vaults:3: 2431 daAuts
     D:8: 2318 daAuts
   Elf:3: 2303 daAuts
    D:11: 2293 daAuts
   Elf:2: 2250 daAuts
